AoeStats
← Atomic

Nomad

509935979Analyzed
3v3 RM · 4d ago on Sep 28, 2026· 64m 16s· 6 players
Game mode
Random Map
Map size
210×210
Population
200
Speed
Normal
Resources
Standard
Victory
Conquest
Starting age
Dark Age
Ending age
Imperial Age
RankedLock teamsTeams togetherTeam positionsShared explorationLock speedFull tech treeHidden civsTurbo modeCheats
Victory
Defeat
🇩🇪 Japanese · Germany
1081
+10
🇩🇪 Italians · Germany
1059
+11
🇩🇪 Vikings · Germany
1007
+13
🇨🇦 Malians · Canada
968
-12
🇺🇸 Hindustanis · United States
950
-12
🇩🇪 Huns · Germany
914
-10
dasorux
15:11 Feudal Age
15:42 Fishing Lines
16:08 Double-Bit Axe
17:30 Man-at-Arms
18:55 Wheelbarrow
20:20 Fletching
30:18 Castle Age
46:33 Tigui
48:28 Gold Mining
48:53 Bow Saw
53:03 Imperial Age
51:01 Gillnets
51:10 Treadmill Crane
51:47 Light Cavalry
56:46 Heavy Camel Rider
56:47 Cavalier
58:02 Crossbowman
59:29 Squires
xdmastorx
5:08 Loom
15:04 Feudal Age
23:23 Castle Age
21:20 Gold Mining
22:47 Forging
23:16 Bloodlines
23:41 Town Watch
24:57 Medium Warships
26:48 Wheelbarrow
25:50 Light Cavalry
26:36 Double-Bit Axe
27:22 Fishing Lines
29:37 Stone Mining
30:24 Squires
32:12 Gold Shaft Mining
33:28 Scale Mail Armor
33:33 Scale Barding Armor
34:51 Fletching
35:17 Chain Mail Armor
38:10 Iron Casting
43:15 Chain Barding Armor
45:00 Husbandry
45:39 Bodkin Arrow
47:39 Hand Cart
54:03 Imperial Age
52:26 Padded Archer Armor
55:50 Chemistry
55:31 Conscription
Atomic
17:15 Feudal Age
18:02 Double-Bit Axe
18:07 Fishing Lines
21:11 Castle Age
21:25 Wheelbarrow
22:33 Loom
23:03 Bow Saw
24:05 Hand Cart
24:39 Horse Collar
25:15 Gillnets
33:55 Gold Mining
34:48 Marauders
38:22 Heavy Plow
42:33 Imperial Age
40:40 Scale Barding Armor
42:51 Chain Barding Armor
43:39 Conscription
42:52 Elite Tarkan
sennahoj
4:44 Loom
17:19 Feudal Age
17:24 Man-at-Arms
18:26 Arson
19:28 Town Watch
25:05 Castle Age
24:35 Forging
24:26 Scale Mail Armor
29:46 Double-Bit Axe
31:14 Ballistics
31:57 Fletching
32:27 Light Cavalry
37:57 Stone Mining
46:39 Imperial Age
52:02 Imperial Age
54:06 Capped Ram
56:36 Siege Ram
Der Soldat James Ryan
8:00 Loom
14:46 Feudal Age
20:41 Castle Age
20:32 Fletching
21:14 Crossbowman
21:50 Double-Bit Axe
22:02 Bodkin Arrow
33:13 Ballistics
35:13 Horse Collar
36:52 Thumb Ring
39:38 Padded Archer Armor
39:44 Gold Mining
39:45 Stone Mining
40:05 Heavy Plow
43:09 Imperial Age
41:16 Wheelbarrow
41:26 Fortified Wall
42:12 Leather Archer Armor
45:10 Bracer
45:40 Ring Archer Armor
44:35 Arbalester
46:46 Elite Skirmisher
48:30 Chemistry
47:26 Murder Holes
48:58 Conscription
54:33 Masonry
54:41 Hand Cart
56:47 Elite Genoese Crossbowman
57:38 Pirotechnia
57:47 Pirotechnia
59:19 Town Watch
gOMESS
9:43 Loom
15:33 Feudal Age
15:37 Man-at-Arms
17:11 Arson
21:06 Castle Age
19:54 Scale Mail Armor
20:07 Forging
20:11 Double-Bit Axe
21:17 Long Swordsman
25:03 Bow Saw
25:05 Gambesons
25:45 Squires
26:37 Horse Collar
32:02 Pikeman
35:13 Wheelbarrow
41:02 Imperial Age
39:10 Chain Mail Armor
40:17 Gold Mining
41:15 Iron Casting
42:19 Plate Mail Armor
42:56 Conscription
44:02 Blast Furnace
43:52 Halberdier
46:57 Elite Samurai
50:47 Kataparuto
Connection lost

Rejoining the realm…

Still unreachable

The connection could not be restored.

Session expired

The server has moved on; the page needs a fresh start.